 Dungeon Crawl Stone Soup version 0.28.0 (webtiles) character file.

Game seed: 11242313809362783214

21151 browni3141 the Severer (level 12, -5/165 HPs)
             Began as a Minotaur Berserker on Feb 16, 2022.
             Was an Elder of Trog.
             Slain by a cane toad (10 damage)
             ... on level 3 of the Lair of Beasts.
             The game lasted 00:07:54 (13307 turns).

browni3141 the Severer (Minotaur Berserker)        Turns: 13307, Time: 00:07:55

Health: -5/165     AC: 19    Str: 31    XL:     12   Next: 51%
Magic:  11/11      EV: 12    Int:  4    God:    Trog [****..]
Gold:   575        SH:  6    Dex: 10    Spells: 11/11 levels left

rFire   . . .      SeeInvis .   U - +0 war axe (venom)
rCold   . . .      Faith    .   e - +0 buckler
rNeg    . . .      Spirit   .   p - +4 plate armour of the Stars {rElec Str+4}
rPois   .          Reflect  .   (helmet restricted)
rElec   +          Harm     .   (no cloak)
rCorr   +          Rampage  .   (no gloves)
Will    ++...                   (no boots)
Stlth   ..........              (no amulet)
HPRegen 1.37/turn               I - +4 ring of evasion
MPRegen 0.12/turn               z - ring of resist corrosion

@: berserking, lethally poisoned (-5 -> -8), strong-willed, regenerating, very
quick
A: horns 2, retaliatory headbutt
a: Renounce Religion, Berserk, Trog's Hand, Brothers in Arms


You were on level 3 of the Lair of Beasts.
You worshipped Trog.
Trog was greatly pleased with you.
You visited 3 branches of the dungeon, and saw 15 of its levels.

You collected 575 gold pieces.

Inventory:

Hand Weapons
 a - a +0 hand axe
 i - a +2 hand axe of freezing
 t - a +0 war axe
 x - a +1 hand axe of electrocution
 U - a +0 war axe of venom (weapon)
Missiles
 G - 6 datura-tipped darts (quivered)
 K - 4 curare-tipped darts
 M - 3 throwing nets
Armour
 b - a +0 animal skin
 e - a +0 buckler (worn)
 p - the +4 plate armour of the Stars (worn) {rElec Str+4}
   (You found it on level 3 of the Dungeon)

   Str:       It affects your strength (+4).
   rElec:     It insulates you from electricity.
Jewellery
 m - a ring of protection from fire
 w - a ring of ice
 z - a ring of resist corrosion (right hand)
 I - a +4 ring of evasion (left hand)
 L - a ring of poison resistance
 S - a ring of protection from fire
 W - a +6 ring of strength
Wands
 j - a wand of acid (2)
 v - a wand of flame (24)
 y - a wand of iceblast (6)
 N - a wand of digging (5)
 T - a wand of paralysis (6)
Scrolls
 c - 3 scrolls of vulnerability
 h - 4 scrolls of holy word
 k - 4 scrolls of amnesia
 l - 2 scrolls of brand weapon
 u - 3 scrolls of fog
 A - 6 scrolls of teleportation
 B - 2 scrolls of magic mapping
 C - 4 scrolls of immolation
 E - 3 scrolls of enchant weapon
 F - 2 scrolls of blinking
 H - a scroll of silence
 J - a scroll of torment {unknown}
 P - a scroll of noise {unknown}
 R - 2 scrolls of fear {unknown}
 V - 4 scrolls of enchant armour {unknown}
Potions
 d - 3 potions of might {unknown}
 f - 4 potions of degeneration {unknown}
 g - 3 potions of flight {unknown}
 n - a potion of magic {unknown}
 o - 2 potions of berserk rage {unknown}
 q - 2 potions of lignification {unknown}
 r - a potion of haste {unknown}
 s - 3 potions of mutation {unknown}
 D - 5 potions of curing {unknown}
 O - 3 potions of brilliance {unknown}
 Q - 2 potions of attraction {unknown}


   Skills:
 + Level 11.4 Fighting
 * Level 15.4 Axes
 + Level 11.0 Armour
 - Level 2.1 Dodging
 + Level 10.7 Shields
 - Level 6.0 Evocations


You had 11 spell levels left.
You didn't know any spells.
Your spell library was empty.

Dungeon Overview and Level Annotations

Branches:
Dungeon (11/15)            Temple (1/1) D:4            Lair (3/6) D:9
  Swamp: Lair:2-4    Shoals: Lair:2-4     Snake: Lair:2-4    Spider: Lair:2-4
    Orc: D:9-12

Altars:
Kikubaaqudgha
Wu Jian
Yredelemnul
Zin
Jiyva

Shops:
D:9 (

Annotations:
Lair:1 2 transporters, SnakkuSnakku7's ghost, journeyman HOFi


Innate Abilities, Weirdness & Mutations

You have a pair of horns on your head.
You reflexively headbutt those who attack you in melee.


Message History

The cane toad stings you but does no damage.
You are too injured to fight recklessly!
You are too injured to fight recklessly!
You are too injured to fight recklessly!
You are too injured to fight recklessly!
You are too injured to fight recklessly!
You barely miss the cane toad. You headbutt the cane toad.
The cane toad is heavily wounded.
You feel sick.
The blink frog blinks! x2
The cane toad stings you but does no damage.
You hit the cane toad but do no damage. Your headbutt misses the cane toad.
The cane toad is heavily wounded.
You feel sick.
The blink frog blinks!
The cane toad stings you but does no damage.
You hit the cane toad but do no damage. Your headbutt misses the cane toad.
The cane toad is heavily wounded.
You feel sick.
You kill the blink frog!
Trog accepts your kill. The cane toad stings you.
* * * LOW HITPOINT WARNING * * *
You are lethally poisoned!
The cane toad poisons you!
Your skin crawls.
You feel strong-willed.
* * * LOW HITPOINT WARNING * * *
You feel extremely sick.
The cane toad stings you but does no damage.
Unknown command.
You feel very sick.
You feel very sick. The blink frog hits you.
* * * LOW HITPOINT WARNING * * *
A red film seems to cover your vision as you go berserk!
You feel yourself moving faster!
You feel mighty!
* * * LOW HITPOINT WARNING * * *
You feel very sick.
The blink frog hits you but does no damage.
The cane toad stings you!
You die...

#...#.#....##..# .#
#..##.....<..##
.####......##.....##
..##.....####......####
..##.P...#.##.#P.[.†#.# ##
P.............##.#....####..
...........#..=..$..........
........#........F#...>.....
........##......@.........##
.................F..........
............................
####.#.##......##...........
.........P#.............. .
.......<.P..##..##....... .#
#........P. ..#.# ....... ##
#............#.. .......
......... §..###.


You could see a cane toad (very poisoned) and a blink frog.

Vanquished Creatures
  The ghost of Grognak the Cleaver, a journeyman MiFi of Trog (Lair:2)
  Harold (Lair:2)
  3 hydras
  2 two-headed ogres (D:11)
  Sonja (D:10)
  An oklob plant (Lair:1)
  A cyclops (D:11)
  2 slime creatures (Lair:2)
  A manticore (D:11)
  3 black mambas (Lair:1)
  2 cane toads
  An unseen horror (D:11)
  A kobold demonologist (D:10)
  3 komodo dragons
  A troll (D:9)
  Prince Ribbit (D:5)
  Grinder (D:4)
  11 blink frogs
  2 wyverns
  18 yaks
  Sigmund (D:4)
  A steam dragon (D:9)
  Grum (D:9)
  12 water moccasins
  2 orc warriors
  An ice beast (D:6)
  A sky beast (D:7)
  A black bear (D:5)
  An ogre (D:6)
  3 centaurs
  8 wolves
  Blork the orc (D:4)
  3 kobold brigands
  5 bullfrogs
  2 gnoll sergeants
  3 scorpions
  A water moccasin zombie (D:5)
  A wyvern skeleton (D:6)
  3 wights (D:7)
  A vampire bat (D:4)
  An electric eel (D:9)
  A bullfrog zombie (D:6)
  2 centaur zombies
  3 hounds (D:9)
  3 jellies
  6 orc priests
  A gnoll shaman (D:7)
  8 iguanas
  Natasha (thrice) (D:4)
  5 orc wizards
  A killer bee zombie (D:6)
  4 adders
  16 gnolls
  2 white imps
  2 ufetubi
  An adder skeleton (D:4)
  2 worms
  3 fire bats (D:4)
  33 orcs
  2 spectral bats (D:4)
  13 bats
  3 bat skeletons (D:4)
  A bat zombie (D:4)
  7 endoplasms
  3 giant cockroaches
  9 goblins
  7 hobgoblins
  4 jackals
  18 kobolds
  A quokka (D:5)
  4 ball pythons
  A bat simulacrum (D:4)
  3 frilled lizards (D:1)
  4 rats (D:1)
286 creatures vanquished.

Vanquished Creatures (collateral kills)
  A cyclops (D:11)
  A wraith (D:11)
2 creatures vanquished.

Vanquished Creatures (others)
  10 fungi
  7 plants
17 creatures vanquished.

Grand Total: 305 creatures vanquished

Notes
Turn   | Place    | Note
-------+----------+-------------------------------------------
     0 | D:1      | browni3141 the Minotaur Berserker began the quest for the
                  | Orb.
     0 | D:1      | Reached XP level 1. HP: 19/19 MP: 0/0
   228 | D:1      | Reached XP level 2. HP: 25/27 MP: 1/1
   421 | D:1      | Reached skill level 4 in Axes
   604 | D:1      | Found a faded altar of an unknown god.
  1170 | D:2      | Reached skill level 1 in Shields
  1170 | D:2      | Reached XP level 3. HP: 33/33 MP: 2/2
  1749 | D:3      | Identified the +4 plate armour of the Stars {rElec Str+4}
  1948 | D:3      | Reached XP level 4. HP: 22/40 MP: 3/3
  2267 | D:4      | Reached ** piety under Trog
  2269 | D:4      | Reached skill level 5 in Axes
  2360 | D:4      | Noticed Blork the orc
  2361 | D:4      | Noticed Sigmund
  2371 | D:4      | Killed Blork the orc
  2372 | D:4      | Reached XP level 5. HP: 47/47 MP: 4/4
  2374 | D:4      | Killed Sigmund
  2375 | D:4      | Reached skill level 5 in Fighting
  2375 | D:4      | Reached skill level 6 in Axes
  2375 | D:4      | Reached XP level 6. HP: 47/56 MP: 5/5
  2596 | D:4      | Noticed Natasha
  2603 | D:4      | Killed Natasha
  2605 | D:4      | Noticed Natasha
  2607 | D:4      | Found a staircase to the Ecumenical Temple.
  2615 | D:4      | Killed Natasha
  2657 | D:4      | Noticed Natasha
  2671 | D:4      | Killed Natasha
  2865 | D:4      | Reached XP level 7. HP: 61/61 MP: 6/6
  2959 | D:4      | Reached skill level 7 in Axes
  3037 | D:4      | Reached *** piety under Trog
  3044 | D:4      | Reached skill level 5 in Armour
  3156 | D:4      | Noticed Grinder
  3163 | D:4      | Paralysed by Grinder for 2 turns
  3173 | D:4      | Killed Grinder
  3370 | Temple   | Entered the Ecumenical Temple
  3392 | D:5      | Entered Level 5 of the Dungeon
  3417 | D:5      | Reached XP level 8. HP: 70/70 MP: 7/7
  3457 | D:5      | Noticed Prince Ribbit
  3465 | D:5      | Killed Prince Ribbit
  3466 | D:5      | Reached skill level 8 in Axes
  3493 | D:5      | Reached skill level 5 in Shields
  4226 | D:6      | Reached skill level 9 in Axes
  4804 | D:6      | Reached XP level 9. HP: 79/79 MP: 8/8
  4978 | D:7      | Reached skill level 10 in Axes
  5129 | D:7      | Reached **** piety under Trog
  6098 | D:9      | Found Toteq's Firing Range.
  6135 | D:9      | Noticed a troll
  6141 | D:9      | Reached skill level 11 in Axes
  6150 | D:9      | Killed a troll
  6151 | D:9      | Found a staircase to the Lair.
  6455 | D:9      | Reached XP level 10. HP: 70/90 MP: 9/9
  6728 | D:9      | Noticed Grum
  6740 | D:9      | Killed Grum
  6888 | D:9      | Found an ornate altar of the Wu Jian Council.
  7401 | D:10     | Entered Level 10 of the Dungeon
  7686 | D:10     | Noticed Sonja
  7698 | D:10     | Killed Sonja
  7699 | D:10     | Reached skill level 12 in Axes
  8596 | D:11     | Noticed a manticore
  8607 | D:11     | Killed a manticore
  8608 | D:11     | Reached skill level 1 in Evocations
  8797 | D:11     | Noticed a two-headed ogre
  8799 | D:11     | Noticed a cyclops
  8802 | D:11     | Noticed a cyclops
  8803 | D:11     | Killed a two-headed ogre
  8805 | D:11     | Noticed a two-headed ogre
  8812 | D:11     | Killed a cyclops
  8813 | D:11     | Reached skill level 13 in Axes
  8817 | D:11     | Killed a two-headed ogre
  8818 | D:11     | Reached XP level 11. HP: 58/99 MP: 10/10
  9139 | Lair:1   | Entered Level 1 of the Lair of Beasts
  9338 | Lair:1   | Reached skill level 10 in Fighting
  9827 | Lair:1   | Noticed an oklob plant
  9979 | Lair:1   | Found a transporter.
  9979 | Lair:1   | Found a transporter.
  9982 | Lair:1   | Noticed a four-headed hydra
 10094 | Lair:1   | Noticed a six-headed hydra
 10104 | Lair:1   | Killed a seven-headed hydra
 10249 | Lair:1   | Noticed SnakkuSnakku7's ghost (journeyman HOFi)
 10447 | Lair:1   | Reached skill level 10 in Armour
 10718 | Lair:1   | Killed an oklob plant
 10719 | Lair:1   | Reached skill level 14 in Axes
 10719 | Lair:1   | Reached skill level 5 in Evocations
 11370 | Lair:2   | Found a runed translucent gate.
 11370 | Lair:2   | Found a runed translucent gate.
 11371 | Lair:2   | Found a runed translucent gate.
 11373 | Lair:2   | Noticed Grognak's ghost (journeyman MiFi)
 11376 | Lair:2   | Found a viscous altar of Jiyva.
 11926 | Lair:2   | Reached XP level 12. HP: 108/108 MP: 11/11
 11945 | Lair:2   | Noticed Harold
 11965 | Lair:2   | Killed Harold
 11966 | Lair:2   | Reached skill level 10 in Shields
 12817 | Lair:2   | Killed Grognak's ghost
 12946 | Lair:3   | Noticed a seven-headed hydra
 12956 | Lair:3   | Killed a 12-headed hydra
 13017 | Lair:3   | Noticed an eight-headed hydra
 13039 | Lair:3   | Killed a 15-headed hydra
 13040 | Lair:3   | Reached skill level 15 in Axes
 13306 | Lair:3   | HP: 5/110 [blink frog (6)]
 13307 | Lair:3   | Slain by a cane toad

Illustrated notes

Levels and vault maps discovered:
D:1:      tarquinn_simple_flora_water_f, layout_loops_cross,
          hellmonk_ecumenical_altar_zigzags
D:2:      layout_basic
D:3:      layout_basic
D:4:      layout_rooms, minmay_temple_entry_mist, goddamned_bats,
          uniq_blork_the_orc, uniq_grinder, uniq_sigmund, uniq_natasha
D:5:      layout_basic, nicolae_concentric_dashed_squares_wild,
          kennysheep_generic_room_11, uniq_prince_ribbit1
D:6:      layout_basic
D:7:      layout_gridville, hangedman_decor_riveting
D:8:      layout_rooms
D:9:      layout_stronghold, mainiacjoe_overflow_alcove_2, erik_lair_island,
          nicolae_shop_firing_range, uniq_grum
D:10:     layout_irregular_city, uniq_sonja
D:11:     layout_basic, kennysheep_orc_monster_closet_entryway
Temple:   grunt_wide_crystal_templ
Lair:1:   layout_cave_pods, nzn_ghost_randoct
Lair:2:   layout_layer_cave, gammafunk_ghost_ooze, serial_bayou_shore_b,
          lemuel_fruit_tree, uniq_harold
Lair:3:   layout_misc_corridors, minmay_swamp_entry_reptiles,
          lemuel_old_faithful

Skill      XL: |  1  2  3  4  5  6  7  8  9 10 11 12 |
---------------+-------------------------------------+-----
Axes           | 4 5 6 7 9 11 13 14 15 | 15.4
Fighting       | 4 5 6 7 8 9 10 11 | 11.4
Armour         | 3 4 5 6 8 9 10 11 | 11.0
Shields        | 1 2 3 4 6 7 8 9 10 | 10.7
Evocations     | 3 5 6 |  6.0
Dodging        | |  2.1

Action                   |  1- 3 |  4- 6 |  7- 9 | 10-12 || total
-------------------------+-------+-------+-------+-------++-------
Melee: Hand axe          |    75 |    58 |   292 |   185 ||   610
       Headbutt          |    10 |     8 |    50 |    66 ||   134
       War axe           |       |       |       |   143 ||   143
Invok: Berserk           |     1 |     2 |     5 |     9 ||    17
       Trog's Hand       |       |       |     1 |     1 ||     2
       Brothers in Arms  |       |       |       |     1 ||     1
Evoke: Wand              |       |       |       |     7 ||     7
  Use: Scroll            |       |       |       |    12 ||    12
 Stab: Sleeping          |     1 |       |       |       ||     1
Armor: Animal skin       |    10 |       |       |       ||    10
       Plate armour      |     4 |    50 |   156 |   186 ||   396
Dodge: Dodged            |    46 |    25 |   127 |   171 ||   369
Block: Buckler           |     5 |     7 |    58 |    87 ||   157
